Map: Amygdala

Players

MaxPax - Winner!

  • Race: Protoss Protoss
  • Spawn Location: 1:00

UpATree

  • Race: Terran Terran
  • League: Master
  • Spawn Location: 7:00

VOD

Have the link to the VOD?

Description

Time

  • Played on: Feb. 2, 2025, 12:58 p.m.
  • Length: 5:08
Show
View Real Time Build Order
Export as new Build Order

MaxPax Protoss - Winner!

Build Orders: 1 Gate Expand, Blink Stalkers 

Get SALT Encoding   

  12  0:00  Probe  
  13  0:12  Probe  
  14  0:16  Pylon  
  14  0:23  Probe  
  15  0:31  Probe  
  16  0:36  Gateway  
  16  0:39  Probe  
  16  0:45  Assimilator  
  17  0:51  Probe  
  18  1:03  Probe  
  19  1:15  Probe  
  20  1:23  Cybernetics Core  
  20  1:30  Nexus  
  20  1:34  Probe  
  21  1:41  Pylon  
  21  1:46  Probe  
  22  1:48  Assimilator  
  22  1:49  Adept  
  22  1:58  Probe  
  22  2:01  Warp Gate  
  25  2:09  Adept  
  25  2:10  Probe  
  28  2:23  Probe  
  28  2:26  Twilight Council  
  29  2:35  Probe  
  30  2:38  Blink  
  30  2:39  Stalker  
  30  2:43  Probe  
  33  2:47  Probe  
  34  2:54  Gateway  
  34  2:55  Probe  
  35  3:02  Probe  
  36  3:07  Probe  
  37  3:14  Probe  
  39  3:20  Probe  
  39  3:25  Robotics Facility  
  39  3:27  Probe, Gateway  
  39  3:34  Pylon  
  40  3:35  Probe  
  40  3:40  Probe  
  42  3:47  Probe  
  43  3:49  Stalker  
  43  3:52  Probe  
  46  3:57  Stalker  
  46  3:59  Probe  
  49  4:04  Warp Prism  
  47  4:10  Pylon  
  49  4:17  Stalker  
  49  4:21  Stalker x2  
  53  4:26  Pylon  
  53  4:34  Nexus  
  53  4:40  Probe x2  
  53  4:41  Observer  
  56  4:51  Stalker x3  
  62  4:56  Probe  
Show
View Real Time Build Order
Export as new Build Order

UpATree Terran 

Build Orders: Cyclone Opening 

Get SALT Encoding   

  12  0:00  SCV  
  13  0:12  SCV  
  14  0:21  Supply Depot  
  14  0:24  SCV  
  15  0:42  SCV  
  16  0:44  Barracks  
  16  0:46  Refinery  
  16  0:50  Refinery  
  16  0:54  SCV  
  17  1:01  Supply Depot  
  17  1:06  SCV  
  18  1:19  SCV  
  20  1:37  Orbital Command  
  20  1:38  Reaper  
  20  1:45  Factory  
  20  2:02  SCV  
  21  2:16  SCV  
  21  2:17  Barracks Reactor  
  22  2:25  Command Center  
  22  2:28  SCV  
  23  2:31  Factory Tech Lab  
  23  2:37  Supply Depot  
  23  2:40  Starport  
  23  2:44  SCV  
  24  2:53  Cyclone  
  24  2:55  Marine  
  28  2:59  Marine  
  28  3:04  SCV  
  30  3:10  Supply Depot  
  30  3:14  Marine  
  30  3:16  Marine  
  32  3:20  Medivac  
  34  3:34  Siege Tank  
  34  3:35  SCV  
  34  3:37  Supply Depot  
  38  3:44  Marine  
  38  3:45  Marine  
  39  3:57  Viking  
  39  3:59  Orbital Command  
  40  4:09  Marine  
  41  4:12  Siege Tank  
  44  4:21  SCV  
  45  4:25  Reaper  
  45  4:27  SCV  
  47  4:33  Viking, SCV  
  50  4:39  SCV  
  50  4:40  Marine  
  52  4:45  SCV  
Tags
 
Add a new tag
Caveats
  • Supply blocks, unpowered buildings, or Contaminate may cause inaccurate times.
  • Supply counts are checked every 10 seconds.